 Dungeon Crawl Stone Soup version 0.27.1-35-g4d5d836560 (webtiles) character file.

Game seed: 16595389936171574252

5021 Delamore the Covert (level 10, -6/66 HPs)
             Began as an Octopode Brigand on Mar 20, 2022.
             Was an Initiate of Gozag.
             Shot with an arrow by a centaur (15 damage)
             ... on level 9 of the Dungeon.
             The game lasted 00:19:13 (12254 turns).

Delamore the Covert (Octopode Brigand)             Turns: 12254, Time: 00:19:13

Health: -6/66      AC:  1    Str: 10    XL:     10   Next: 55%
Magic:  12/12      EV: 16    Int: 27    God:    Gozag
Gold:   405        SH: 11    Dex: 22    Spells: 10/12 levels left

rFire    . . .     SeeInvis .   L - +0 dagger (venom)
rCold    . . .     Faith    .   M - +0 buckler
rNeg     . . .     Spirit   .   (helmet restricted)
rPois    .         Reflect  +   H - amulet of reflection
rElec    .         Harm     .   j - +6 ring of intelligence
rCorr    .         Rampage  .   n - ring of willpower
Will     +....                  q - +6 ring of dexterity
Stlth    ++++++....             K - +6 ring of intelligence
HPRegen  0.21/turn              (no ring)
MPRegen  0.13/turn              (no ring)
                                (no ring)
                                (no ring)

@: gold aura
A: almost no armour, amphibious, 8 rings, camouflage 1, gelatinous body 1,
(nimble swimmer 1), tentacles
a: Renounce Religion, Potion Petition, Call Merchant, Bribe Branch


You were on level 9 of the Dungeon.
You worshipped Gozag.
Gozag was aware of your devotion.
You visited 2 branches of the dungeon, and saw 10 of its levels.

You collected 638 gold pieces.
You spent 60 gold pieces at shops.
You paid 173 gold pieces to Gozag.

Inventory:

Hand Weapons
 a - a +2 dagger
 s - a +2 dagger of speed
 E - a +3 dagger
 L - a +0 dagger of venom (weapon)
Missiles
 b - 51 poisoned darts (quivered)
 F - 9 boomerangs
Armour
 M - a +0 buckler (worn)
Jewellery
 j - a +6 ring of intelligence (left tentacle)
 n - a ring of willpower (right tentacle)
 q - a +6 ring of dexterity (on tentacle)
 C - a ring of fire
 H - an amulet of reflection (around mantle)
 K - a +6 ring of intelligence (on tentacle)
 O - a +4 ring of evasion
Wands
 z - a wand of flame (10)
 G - a wand of paralysis (8)
 I - a wand of iceblast (1)
Scrolls
 c - a scroll of fear
 g - 2 scrolls of fog
 l - a scroll of enchant weapon
 m - 3 scrolls of enchant armour
 p - 6 scrolls of teleportation
 r - a scroll of torment
 t - 4 scrolls of magic mapping
 v - a scroll of immolation
 y - 2 scrolls of noise
 A - 2 scrolls of amnesia
Potions
 d - a potion of invisibility {unknown}
 e - a potion of brilliance {unknown}
 f - a potion of mutation {unknown}
 h - 3 potions of curing
 i - a potion of cancellation {unknown}
 o - 2 potions of attraction
 u - 2 potions of heal wounds
 w - a potion of magic {unknown}
 x - 2 potions of flight
 B - a potion of haste
 D - 2 potions of berserk rage {unknown}
 N - 2 potions of degeneration


   Skills:
 - Level 5.0 Fighting
 - Level 10.0 Short Blades
 + Level 2.8 Throwing
 - Level 5.0 Dodging
 + Level 10.3 Stealth
 - Level 4.0 Shields
 + Level 1.5 Spellcasting
 + Level 1.6 Hexes
 - Level 5.0 Evocations


You had 10 spell levels left.
You knew the following spells:

 Your Spells              Type           Power      Damage    Failure   Level
a - Ensorcelled Hibernat  Hex/Ice        12%        N/A       11%         2

Your spell library contained the following spells:

 Spells                   Type           Power      Damage    Failure   Level
 Apportation              Tloc           4%         N/A       11%         1
 Ignite Poison            Fire/Tmut/Pois 2%         N/A       30%         3
 Mephitic Cloud           Conj/Pois/Air  2%         N/A       30%         3
 Spider Form              Tmut/Pois      1%         N/A       30%         3
 Summon Mana Viper        Hex/Summ       6%         N/A       90%         5
 Bolt of Magma            Conj/Fire/Erth 1%         4d4       96%         5
 Summon Forest            Summ/Tloc      1%         N/A       96%         5
 Shadow Creatures         Summ           N/A        N/A       100%        6


Dungeon Overview and Level Annotations

Branches:
Dungeon (9/15)             Temple (1/1) D:6            Lair (0/6) D:9
    Orc: D:9-12

Altars:
Ashenzari
Cheibriados
Dithmenos
Elyvilon
Fedhas
Gozag
Hepliaklqana
Kikubaaqudgha
Makhleb
Nemelex Xobeh
Okawaru
Qazlal
Ru
Sif Muna
Trog
Uskayaw
Vehumet
Wu Jian
Xom
Yredelemnul
The Shining One
Lugonu

Shops:
D:4 ([=[=   D:8 *!*[

Annotations:
D:7 2 transporters, Grum; Zippel's ghost, novice HuWz
D:8 3 runed translucent doors, strmdvr's ghost, novice GnFE
D:9 1 transporter


Innate Abilities, Weirdness & Mutations

You cannot wear most types of armour.
You are amphibious.
You can wear up to eight rings at the same time.
Your skin changes colour to match your surroundings (Stealth+).
Your rubbery body absorbs attacks. (AC +1, EV +1)
((You are camouflaged near water. (Stealth+)))
You have tentacles for arms and can constrict up to eight enemies at once.


Message History

You block the yak's attack.
You hit the yak but do no damage.
The yak looks as sick as possible!
The yak is severely wounded.
You completely miss the yak.
The yak is severely wounded.
The yak is no longer distracted by gold.
The yak barely misses you.
A yak comes into view.
The yak bellows!
You hit the yak but do no damage.
The yak looks as sick as possible!
The yak is severely wounded.
Things that are here:
6 gold pieces; a +4 short sword; a +0 robe The yak closely misses you.
You see here a silver javelin.
You see here a poisoned dart.
You kill the yak!
You see here a poisoned dart.
The centaur shouts!
You hear a shout!
The centaur shoots an arrow.
The arrow hits you!
The centaur shoots an arrow.
The arrow hits you!
You hear a shout!
The centaur shoots an arrow.
The arrow hits you!
* * * LOW HITPOINT WARNING * * *
The centaur is distracted by your dazzling golden aura.
As you read the scroll of summoning, it crumbles to dust.
Wisps of shadow whirl around you...
The yak completely misses your centaur zombie.
Your centaur barely misses the centaur.
Your centaur kicks the centaur but does no damage.
The centaur is no longer distracted by gold.
Your centaur zombie hits the yak.
Your centaur zombie kicks the yak.
The yak gores your centaur zombie!
The centaur shoots an arrow.
The arrow hits you!
* * * LOW HITPOINT WARNING * * *
Your centaur zombie hits the yak.
Your centaur zombie completely misses the yak.
The centaur shoots an arrow.
The arrow hits you!
You die...
Your body crumbles into a pile of gold.

#.#.#.#.......#...##
#.#..$...........###
#.#.#.#$....#.#..#..
#....o.......#...#x|
###.#.#o#...#.#.#..##.
#.....cc.....#......##
#.#.#.#.#.#.#.#.#.#...
#........ZYYY........(
##..#@#####.##########
##.#.# #... # #.#
#..## #.# #..# #.#
#..# # #.# #..# .# #.#
#..# #.# #.# ##..#.
#######.#####
###.....#


You could see 3 yaks, a centaur, a friendly centaur (summoned) and a friendly
centaur zombie (summoned).

Vanquished Creatures
  A centaur warrior (D:9)
  A troll (D:8)
  A hornet (D:9)
  A vampire (D:9)
  A wyvern (D:9)
  A yak (D:9)
  A steam dragon (D:7)
  3 wargs (D:9)
  An acid dragon (D:9)
  2 water moccasins
  2 ice beasts (D:5)
  2 orc warriors
  An ogre (D:2)
  A sky beast (D:5)
  A black bear (D:4)
  3 centaurs
  A necrophage (D:5)
  A kobold brigand (D:8)
  4 bullfrogs
  2 scorpions
  2 wights (D:9)
  3 howler monkeys (D:8)
  A bullfrog zombie (D:7)
  5 hounds
  2 bullfrog skeletons (D:5)
  3 orc priests
  2 jellies
  A gnoll shaman (D:8)
  2 iguanas
  Jessica (D:3)
  10 orc wizards
  2 killer bee zombies (D:6)
  A hound skeleton (D:4)
  Robin (D:2)
  14 gnolls
  8 adders
  A white imp (D:5)
  3 adder skeletons
  2 dart slugs
  25 orcs
  6 ball pythons
  6 endoplasms
  5 giant cockroaches
  12 goblins
  4 hobgoblins
  6 jackals (D:1)
  4 quokkas
  3 bats (D:1)
  3 frilled lizards
  8 kobolds
  4 rats
181 creatures vanquished.

Vanquished Creatures (others)
  A wight (D:9)
  19 plants
20 creatures vanquished.

Grand Total: 201 creatures vanquished

Notes
Turn   | Place    | Note
-------+----------+-------------------------------------------
     0 | D:1      | Delamore the Octopode Brigand began the quest for the Orb.
     0 | D:1      | Reached XP level 1. HP: 14/14 MP: 1/1
   162 | D:1      | Found a faded altar of an unknown god.
   278 | D:1      | Reached XP level 2. HP: 19/19 MP: 2/2
  1054 | D:2      | Reached XP level 3. HP: 12/24 MP: 3/3
  1401 | D:2      | Noticed Robin
  1408 | D:2      | Killed Robin
  1818 | D:2      | Noticed an ogre
  1825 | D:2      | Killed an ogre
  1826 | D:2      | Reached XP level 4. HP: 29/29 MP: 4/4
  1826 | D:2      | Reached XP level 5. HP: 34/34 MP: 5/5
  2396 | D:3      | Found a white marble altar of Elyvilon.
  2401 | D:3      | Found a shimmering blue altar of Sif Muna.
  3171 | D:3      | Noticed Jessica
  3183 | D:3      | Killed Jessica
  3184 | D:3      | Reached XP level 6. HP: 27/39 MP: 6/6
  3285 | D:3      | Got Jessica's Handbook of the Voyage
  3526 | D:4      | Identified the +3 pair of boots "Xogishrurph" {rC++}
  3543 | D:4      | Found Okeviecy's Armour Emporium.
  3622 | D:4      | Found Sieles's Jewellery Shop.
  3643 | D:4      | Noticed a black bear
  3654 | D:4      | Killed a black bear
  3878 | D:4      | Found Dyvugav's Jewellery Boutique.
  4183 | D:4      | Reached skill level 5 in Short Blades
  4315 | D:4      | Found Soq Ocwiukh's Armour Shoppe.
  4478 | D:4      | Reached XP level 7. HP: 18/45 MP: 7/7
  4969 | D:4      | Found Keneo's Antique Weapon Emporium.
  5269 | D:5      | Entered Level 5 of the Dungeon
  5269 | D:5      | Found a glowing golden altar of the Shining One.
  5298 | D:5      | Found a basalt altar of Yredelemnul.
  5300 | D:5      | Found a broken altar of Ashenzari.
  5486 | D:5      | Found a bloodstained altar of Trog.
  5881 | D:5      | Reached XP level 8. HP: 50/50 MP: 8/8
  6091 | D:5      | Reached skill level 10 in Stealth
  7495 | D:6      | Found a staircase to the Ecumenical Temple.
  7513 | Temple   | Entered the Ecumenical Temple
  8168 | D:6      | Reached skill level 1 in Evocations
  8575 | D:6      | Reached XP level 9. HP: 55/55 MP: 9/9
  8575 | D:6      | Found a snail-covered altar of Cheibriados.
  8717 | D:7      | Found a transporter.
  8721 | D:7      | Noticed Grum
  8726 | D:7      | Noticed Zippel's ghost (novice HuWz)
  8761 | D:7      | Identified the +8 trident "Qoadum" {vamp, Int-2 Dex+5}
  9284 | D:7      | Learned a level 2 spell: Ensorcelled Hibernation
  9624 | D:7      | Found a transporter.
  9713 | D:8      | Found an opulent altar of Gozag.
  9841 | D:8      | Became a worshipper of Gozag Ym Sagoz the Greedy
  9874 | D:8      | Found Wuzal's Assorted Antiques.
  9886 | D:8      | Found a runed translucent gate.
  9886 | D:8      | Found a runed translucent gate.
  9886 | D:8      | Noticed a ten-headed hydra
  9886 | D:8      | Noticed an 11-headed hydra
  9887 | D:8      | Found a runed translucent gate.
  9887 | D:8      | Noticed strmdvr's ghost (novice GnFE)
 10026 | D:8      | Found Fuepuf's Armour Shoppe.
 10209 | D:8      | Found Ublasunt's Assorted Antiques.
 10336 | D:8      | Found Tuulibb's Distillery.
 10341 | D:8      | Bought a potion of degeneration for 10 gold pieces
 10341 | D:8      | Bought a potion of heal wounds for 50 gold pieces
 10424 | D:8      | Reached skill level 10 in Short Blades
 10664 | D:8      | Noticed a troll
 10670 | D:8      | Killed a troll
 10671 | D:8      | Reached skill level 1 in Shields
 10671 | D:8      | Reached skill level 5 in Evocations
 10713 | D:8      | Found an ornate altar of the Wu Jian Council.
 11239 | D:9      | Found an ancient bone altar of Kikubaaqudgha.
 11255 | D:9      | Reached XP level 10. HP: 65/65 MP: 10/10
 11260 | D:9      | Found a staircase to the Lair.
 11746 | D:9      | Noticed a centaur warrior
 11749 | D:9      | Killed a centaur warrior
 11750 | D:9      | Reached skill level 5 in Fighting
 11750 | D:9      | Reached skill level 5 in Dodging
 11907 | D:9      | Reached skill level 1 in Spellcasting
 11907 | D:9      | Reached skill level 1 in Hexes
 11925 | D:9      | Found a transporter.
 11925 | D:9      | Found a corrupted altar of Lugonu.
 11925 | D:9      | Noticed a green ugly thing
 11925 | D:9      | Noticed a red ugly thing
 11925 | D:9      | Noticed a purple ugly thing
 12254 | D:9      | Shot with an arrow by a centaur

Illustrated notes

Levels and vault maps discovered:
D:1:      wheals_arrival_shading, layout_rooms,
          shapermc_ecumenical_altar_totnotflames
D:2:      layout_loops_ring, uniq_robin
D:3:      layout_loops_ring, mainiacjoe_overflow_big_doors, serial_bayou,
          serial_bayou_pond_a, serial_bayou_lagoon_b, serial_bayou_lake_a,
          serial_bayou_shore_b, kennysheep_jessica_study
D:4:      layout_basic, serial_shops, nicolae_shop_statue_plus,
          nicolae_lakefront_shop, shop, kennysheep_little_box, shop,
          minmay_quadrilaterals
D:5:      minmay_chambers_of_fours, layout_basic, lightli_temple_of_fire,
          mainiacjoe_overflow_alcove_2, grunt_temple_overflow_open
D:6:      layout_rooms, mainiacjoe_overflow_catwalk,
          minmay_temple_entry_gardened_gates
D:7:      layout_loops_ring, gammafunk_ghost_gnarly_gnolls
D:8:      layout_loops_ring, pdpol_wu_jian_five_deadly_venoms,
          nicolae_gozag_seed_capital, serial_shops,
          nicolae_shop_overgrown_old_shop, nicolae_shop_statue_plus,
          kennysheep_mini, shop, gammafunk_ghost_hydra_chop
D:9:      gammafunk_corrupted_shrine, layout_basic, overflow_temple_1_default,
          erik_lair_orcish_takeover, chequers_serial_rivers_large_a,
          hangedman_decor_riveting, nicolae_good_shop
Temple:   minmay_temple_curvy_loop

Skill      XL: |  1  2  3  4  5  6  7  8  9 10 |
---------------+-------------------------------+-----
Stealth        | 6 7 8 9 10 | 10.3
Short Blades   | 3 4 5 6 9 10 | 10.0
Evocations     | 1 5 |  5.0
Dodging        | 4 5 |  5.0
Fighting       | 4 5 |  5.0
Shields        | 2 4 |  4.0
Spellcasting   | 1 |  1.5
Hexes          | 1 |  1.6
Throwing       | |  2.8

Action                   |  1- 3 |  4- 6 |  7- 9 | 10-12 || total
-------------------------+-------+-------+-------+-------++-------
Melee: Dagger            |    59 |   104 |   338 |    93 ||   594
       Constrict         |     9 |    24 |    68 |     5 ||   106
       Tentacles         |     6 |    20 |   121 |    26 ||   173
Throw: Dart              |     2 |    14 |    21 |     4 ||    41
       Javelin           |       |       |       |     2 ||     2
 Cast: Ensorcelled Hiber |       |       |     2 |       ||     2
Evoke: Wand              |       |       |       |     3 ||     3
  Use: Scroll            |       |     9 |     8 |     2 ||    19
       Potion            |       |       |       |     1 ||     1
 Stab: Sleeping          |    12 |    11 |    16 |     2 ||    41
       Distracted        |       |     1 |     7 |       ||     8
Armor: Skin              |     1 |     4 |     5 |     2 ||    12
Dodge: Dodged            |    22 |    42 |    86 |    25 ||   175
Block: Other             |       |       |    10 |       ||    10
       Buckler           |       |       |     4 |    23 ||    27
       Reflection        |       |       |     1 |     1 ||     2
